 Dungeon Crawl Stone Soup version 0.21.2-1-g0862bd23eb (webtiles) character file.

7626 MordorOrchid the Grappler (level 10, -4/88 HPs)
             Began as a Troll Necromancer on Nov 30, 2019.
             Was a High Priest of Cheibriados.
             Slain by a wraith (6 damage)
             ... on level 10 of the Dungeon.
             The game lasted 00:27:23 (7582 turns).

MordorOrchid the Grappler (Troll Necromancer)       Turns: 7582, Time: 00:27:27

Health: -4/88      AC:  9    Str: 31    XL:     10   Next: 98%
Magic:  1/15       EV: 15    Int: 27    God:    Cheibriados [*****.]
Gold:   97         SH:  0    Dex: 23    Spells: 3/17 levels left

rFire    . . .     SeeInvis .     - Unarmed
rCold    . . .     Gourm    +   (no shield)
rNeg     . . .     Faith    .   S - +0 steam dragon scales
rPois    +         Spirit   .   (helmet restricted)
rElec    .         Reflect  .   i - +0 cloak
rCorr    .         Harm     .   (gloves unavailable)
MR       +....                  (boots unavailable)
Stlth    ++........             (no amulet)
HPRegen  0.64/turn              F - ring of poison resistance
MPRegen  0.14/turn              m - ring of protection from magic

@: very slightly contaminated, slowed, very slow
A: large, unfitting armour, claws 3, fast metabolism 3, gourmand, regeneration
1, shaggy fur 1, tough skin 2
a: Bend Time, Temporal Distortion, Slouch, Step From Time, Renounce Religion


You were on level 10 of the Dungeon.
You worshipped Cheibriados.
Cheibriados was extremely pleased with you.
You were full.

You visited 1 branch of the dungeon, and saw 10 of its levels.

You collected 459 gold pieces.
You spent 362 gold pieces at shops.

Inventory:

Hand Weapons
 b - a +0 blowgun
 H - a +5 falchion of flaming
Missiles
 e - 2 tomahawks of returning
 g - 6 large rocks
 j - 66 poisoned needles
 k - 4 silver tomahawks
 q - a javelin (quivered)
 D - 13 tomahawks
 Q - a throwing net
Armour
 a - a +0 robe
 i - a +0 cloak (worn)
 S - +0 steam dragon scales (worn)
Jewellery
 m - a ring of protection from magic (right claw)
 p - a +2 ring of intelligence
 u - an uncursed ring of flight
 y - an uncursed ring of stealth
 F - a ring of poison resistance (left claw)
Wands
 r - a wand of clouds (1)
 x - a wand of flame (42)
 z - a wand of digging (10)
 K - a wand of scattershot (4)
 M - a wand of paralysis (11)
Scrolls
 d - 5 scrolls of teleportation
 f - 5 scrolls of remove curse
 h - 2 scrolls of magic mapping
 s - a scroll of amnesia
 w - a scroll of torment
 B - 2 scrolls of immolation
 C - a scroll of blinking
 G - a scroll of enchant armour {unknown}
 I - 2 scrolls of fear
 N - a scroll of holy word
 O - 4 scrolls of fog
Potions
 n - 2 potions of resistance
 o - 2 potions of mutation
 t - 2 potions of heal wounds
 v - a potion of curing
 A - a potion of agility
 E - 3 potions of flight {unknown}
 J - a potion of might {unknown}
Books
 l - a book of Necromancy

   Spells                             Type                      Level
   a - Pain                           Necromancy                   1
   b - Animate Skeleton               Necromancy                   1
   c - Vampiric Draining              Necromancy                   3
   d - Regeneration                   Charms/Necromancy            3
   e - Animate Dead                   Necromancy                   4
   f - Borgnjor's Vile Clutch         Necromancy/Earth             5
 L - a book of Maledictions

   Spells                             Type                      Level
   a - Corona                         Hexes                        1
   b - Ensorcelled Hibernation        Hexes/Ice                    2
   c - Confuse                        Hexes                        3
   d - Tukima's Dance                 Hexes                        3
   e - Dazzling Spray                 Conjuration/Hexes            3
 P - a book of Callings

   Spells                             Type                      Level
   a - Summon Small Mammal            Summoning                    1
   b - Call Imp                       Summoning                    2
   c - Call Canine Familiar           Summoning                    3
   d - Summon Guardian Golem          Hexes/Summoning              3
   e - Summon Lightning Spire         Summoning/Air                4
   f - Summon Ice Beast               Ice/Summoning                4
Miscellaneous
 R - a sack of spiders
Comestibles
 c - 18 rations


   Skills:
 * Level 2.4 Fighting
 - Level 2.0 Long Blades
 * Level 3.4 Armour
 * Level 6.0 Dodging
 - Level 1.0 Stealth
 + Level 9.5 Unarmed Combat
 - Level 4.0 Spellcasting
 - Level 1.0 Hexes
 - Level 1.0 Charms
 * Level 5.2 Necromancy
 * Level 2.3 Earth Magic
 * Level 4.6 Invocations
 * Level 1.1 Evocations


You had 3 spell levels left.
You knew the following spells:

 Your Spells              Type           Power        Failure   Level  Hunger
a - Pain                  Necr           ####         1%          1    None
e - Corona                Hex            ##.....      5%          1    None
k - Regeneration          Chrm/Necr      ###.......   6%          3    ##.....
u - Animate Skeleton      Necr           N/A          1%          1    None
v - Vampiric Draining     Necr           ####......   2%          3    ##.....
E - Borgnjor's Vile Clut  Necr/Erth      ####......   41%         5    #####..


Dungeon Overview and Level Annotations

Branches:
Dungeon (10/15)            Temple (0/1) D:5            Lair (0/6) D:9
    Orc: D:9-12

Altars:
Cheibriados
Elyvilon
Fedhas
Makhleb
Nemelex Xobeh
Okawaru
Qazlal
Ru
Uskayaw
Xom
The Shining One

Shops:
D:8 %?([!


Innate Abilities, Weirdness & Mutations

You are too large for most types of armour.
You have claws for hands.
Your metabolism is lightning-fast.
You like to eat raw meat.
Your natural rate of healing is unusually fast.
You are covered in fur. (AC +1)
You have very tough skin. (AC +2)


Message History

The yak gores you!
You claw the yak!
You kill the yak!
Cheibriados thoroughly appreciates the change of pace.
The orc hits you with a whip.
* * * LOW HITPOINT WARNING * * *
You barely miss the wraith. The wraith hits you!
* * * LOW HITPOINT WARNING * * *
The wraith drains your vigour!
You feel yourself slow down. The orc closely misses you.
You scratch the wraith but do no damage.
The wraith barely misses you. The orc hits you but does no damage.
You claw the wraith!
The wraith is moderately damaged.
The wraith hits you!
* * * LOW HITPOINT WARNING * * *
The wraith drains your vigour!
You feel as though you will be slow longer.
The orc completely misses you. The wraith hits you.
You die...

.######....#.................#
.#.........#..........###....#
.#....######.................#
.#.........#...#...###########
.#.........#...#...#.......
...........#...#...#.......
.######....#...#...#....... .#
#........#...#....(( .#
#..).....#@†.#....# .#
#........#oW.#...(# .#
#........#...#....# .#
#....#####).......# .#
######...#..%.....# .# #.
#...#........# ## #..
#...#........# .#...
#...#........#
......#...#........#


You could see a wraith and an orc.

Vanquished Creatures
  The ghost of MordorOrchid the Geomancer, a novice OpEE of Gozag (D:10)
  A komodo dragon (D:9)
  A troll (D:7)
  4 hippogriffs
  A spriggan (D:7)
  A wyvern (D:9)
  6 yaks
  A steam dragon (D:9)
  5 orc warriors
  Duvessa (D:7)
  A black bear (D:7)
  2 phantoms
  2 ice beasts
  A necrophage (D:8)
  2 ogres
  The ghost of TheNamelessOne the Skirmisher, an amateur DsFi (D:4)
  6 centaurs
  A crocodile (D:9)
  2 big kobolds (D:8)
  2 bullfrogs
  Dowan (D:7)
  2 scorpions
  4 killer bees (D:7)
  11 wights (D:9)
  2 crimson imps
  3 hounds (D:6)
  A quasit (D:8)
  5 orc priests
  3 jellies
  Crazy Yiuf (D:3)
  A bullfrog skeleton (D:6)
  An iguana (D:6)
  Ijyb (D:3)
  Terence (D:3)
  12 orc wizards
  5 worker ants
  A killer bee zombie (D:6)
  A worker ant zombie (D:9)
  2 gnolls (D:5)
  4 adders
  2 shadow imps
  4 oozes
  3 worms
  3 dart slugs
  4 leopard geckos
  40 orcs
  2 giant cockroaches
  2 goblins (D:1)
  2 hobgoblins
  2 jackals (D:8)
  20 kobolds
  A quokka (D:8)
  A ball python (D:1)
  6 bats
  3 frilled lizards
  6 rats
  A butterfly (D:5)
206 creatures vanquished.

Vanquished Creatures (collateral kills)
  A hippogriff (D:9)
  A wyvern (D:9)
  A water moccasin (D:7)
  An ogre (D:7)
  2 wights (D:9)
  2 hounds
  2 worker ants
  A gnoll (D:5)
  2 orcs
  A hobgoblin (D:2)
  A butterfly (D:5)
15 creatures vanquished.

Vanquished Creatures (others)
  A giant cockroach (D:8)
  A quokka (D:8)
2 creatures vanquished.

Grand Total: 223 creatures vanquished

Notes
Turn   | Place    | Note
-------+----------+-------------------------------------------
     0 | D:1      | MordorOrchid the Troll Necromancer began the quest for the Orb.
     0 | D:1      | Reached XP level 1. HP: 16/16 MP: 1/1
    36 | D:1      | Learned a level 1 spell: Animate Skeleton
   136 | D:1      | Reached skill level 1 in Unarmed Combat
   136 | D:1      | Reached XP level 2. HP: 23/26 MP: 2/2
   189 | D:1      | Reached skill level 1 in Fighting
   452 | D:1      | Reached skill level 2 in Unarmed Combat
   452 | D:1      | Reached XP level 3. HP: 33/33 MP: 3/3
  1300 | D:2      | Found a sacrificial altar of Ru.
  1300 | D:2      | Found an iron altar of Okawaru.
  1301 | D:2      | Found a snail-covered altar of Cheibriados.
  1307 | D:2      | Became a worshipper of Cheibriados the Contemplative
  1694 | D:3      | Noticed Terence
  1704 | D:3      | Killed Terence
  1704 | D:3      | Reached XP level 4. HP: 34/41 MP: 0/5
  1747 | D:3      | Found a shimmering altar of Xom.
  1977 | D:3      | Found a runed door.
  1982 | D:3      | Learned a level 3 spell: Vampiric Draining
  1985 | D:3      | Noticed Crazy Yiuf
  2000 | D:3      | Killed Crazy Yiuf
  2068 | D:3      | Noticed Ijyb
  2103 | D:3      | Killed Ijyb
  2103 | D:3      | Reached skill level 3 in Unarmed Combat
  2103 | D:3      | Reached XP level 5. HP: 42/49 MP: 6/6
  2427 | D:4      | Found a sparkling altar of Nemelex Xobeh.
  2470 | D:4      | Found a glowing golden altar of the Shining One.
  2515 | D:4      | Noticed TheNamelessOne's ghost (amateur DsFi)
  2520 | D:4      | Killed TheNamelessOne's ghost
  2520 | D:4      | Reached * piety under Cheibriados
  2635 | D:4      | Reached XP level 6. HP: 50/57 MP: 7/7
  2663 | D:4      | Learned a level 3 spell: Regeneration
  2731 | D:4      | Found a blossoming altar of Fedhas.
  3201 | D:5      | Entered Level 5 of the Dungeon
  3224 | D:4      | Reached skill level 4 in Unarmed Combat
  3242 | D:4      | Reached XP level 7. HP: 13/65 MP: 5/9
  3358 | D:5      | Reached skill level 5 in Unarmed Combat
  3477 | D:5      | Reached skill level 1 in Charms
  3672 | D:5      | Reached ** piety under Cheibriados
  3696 | D:5      | Found a staircase to the Ecumenical Temple.
  3696 | D:5      | Found a burning altar of Makhleb.
  4002 | D:6      | Reached skill level 1 in Invocations
  4182 | D:6      | HP: 1/97 [orc warrior/war axe (20)]
  4183 | D:6      | Reached XP level 8. HP: 2/72 MP: 3/10
  4255 | D:6      | Reached skill level 6 in Unarmed Combat
  4972 | D:7      | Noticed a troll
  4979 | D:7      | Killed a troll
  4979 | D:7      | Reached skill level 7 in Unarmed Combat
  5001 | D:7      | Found a glowing golden altar of the Shining One.
  5003 | D:7      | Reached XP level 9. HP: 74/79 MP: 13/13
  5025 | D:6      | Reached *** piety under Cheibriados
  5091 | D:7      | Learned a level 1 spell: Corona
  5128 | D:7      | Noticed Dowan
  5129 | D:7      | Noticed Duvessa
  5135 | D:7      | Killed Duvessa
  5137 | D:7      | Killed Dowan
  5201 | D:7      | Reached skill level 1 in Armour
  5481 | D:7      | Reached skill level 1 in Hexes
  5494 | D:7      | Reached skill level 5 in Dodging
  5553 | D:8      | Found Qozyhai's Magic Scroll Boutique.
  5553 | D:8      | Found Evygitti's Antique Weapon Emporium.
  5556 | D:8      | Bought a scroll of fear for 45 gold pieces
  5556 | D:8      | Bought a scroll of random uselessness for 13 gold pieces
  5556 | D:8      | Bought a scroll of identify for 26 gold pieces
  5556 | D:8      | Bought a scroll of identify for 26 gold pieces
  5556 | D:8      | Bought a scroll of identify for 26 gold pieces
  5556 | D:8      | Bought a scroll of holy word for 97 gold pieces
  5556 | D:8      | Bought a scroll of immolation for 45 gold pieces
  5556 | D:8      | Bought a scroll of fear for 45 gold pieces
  5556 | D:8      | Bought a scroll of teleportation for 39 gold pieces
  5575 | D:8      | Reached **** piety under Cheibriados
  5575 | D:8      | Reached skill level 8 in Unarmed Combat
  5665 | D:8      | Found Mikh's Food Shop.
  5737 | D:8      | Found Atioruirey's Distillery.
  5863 | D:8      | Reached skill level 1 in Long Blades
  5944 | D:8      | Found Ucunwac's Armour Boutique.
  6006 | D:8      | Reached XP level 10. HP: 81/87 MP: 15/15
  6013 | D:8      | Learned a level 5 spell: Borgnjor's Vile Clutch
  6045 | D:8      | Found a white marble altar of Elyvilon.
  6058 | D:8      | Reached ***** piety under Cheibriados
  6083 | D:8      | Found a hide-covered altar of Uskayaw.
  6083 | D:8      | Found a stormy altar of Qazlal.
  6529 | D:9      | Found a blossoming altar of Fedhas.
  6535 | D:9      | Reached skill level 1 in Earth Magic
  6850 | D:9      | Reached skill level 9 in Unarmed Combat
  6952 | D:9      | Found a staircase to the Lair.
  7189 | D:10     | Entered Level 10 of the Dungeon
  7319 | D:10     | Noticed MordorOrchid's ghost (novice OpEE)
  7330 | D:10     | Killed MordorOrchid's ghost
  7330 | D:10     | Reached skill level 5 in Necromancy
  7549 | D:10     | Reached skill level 1 in Evocations
  7582 | D:10     | HP: 2/88 [wraith (12)]
  7582 | D:10     | Slain by a wraith

Skill      XL: |  1  2  3  4  5  6  7  8  9 10 |
---------------+-------------------------------+-----
Unarmed Combat | 1 2 3 4 5 7 8 9 |  9.5
Fighting       | 1 2 |  2.4
Dodging        | 2 3 4 5 6 |  6.0
Spellcasting   | 2 3 4 |  4.0
Necromancy     | 4 5 |  5.2
Charms         | 1 |  1.0
Invocations    | 1 2 3 4 |  4.6
Armour         | 2 3 |  3.4
Hexes          | 1 |  1.0
Long Blades    | 1 2 |  2.0
Earth Magic    | 2 |  2.3
Evocations     | 1 |  1.1
Stealth        | |  1.0

Action                   |  1- 3 |  4- 6 |  7- 9 | 10-12 || total
-------------------------+-------+-------+-------+-------++-------
Melee: Unarmed           |   113 |   110 |   287 |   153 ||   663
       Punch             |       |       |     9 |     8 ||    17
Throw: Javelin           |       |       |    19 |    14 ||    33
       Large rock        |       |       |     1 |     4 ||     5
       Tomahawk          |       |       |       |     2 ||     2
 Cast: Animate Skeleton  |    16 |    11 |    31 |    16 ||    74
       Pain              |     3 |     4 |    19 |     6 ||    32
       Regeneration      |       |       |     4 |     2 ||     6
       Vampiric Draining |       |       |       |     6 ||     6
Invok: Bend Time         |       |     1 |     3 |     6 ||    10
Evoke: Wand              |       |     1 |     9 |     1 ||    11
       Sack of spiders   |       |       |       |     1 ||     1
  Use: Scroll            |     3 |     4 |    12 |       ||    19
       Potion            |       |     2 |     1 |     1 ||     4
 Stab: Sleeping          |     1 |       |     8 |     2 ||    11
       Distracted        |     1 |       |       |     1 ||     2
       Confused          |       |       |       |     2 ||     2
  Eat: Chunk             |    20 |    14 |    20 |     9 ||    63
Armor: Robe              |    41 |    42 |    48 |       ||   131
       Skin              |       |     1 |       |       ||     1
       Troll leather arm |       |       |    33 |    35 ||    68
       Steam dragon scal |       |       |       |    18 ||    18
Dodge: Dodged            |    67 |    70 |   182 |   121 ||   440
